 Dungeon Crawl Stone Soup version 0.25-a0-990-g0adbbaad2a (webtiles) character file.

Game seed: 9936207914074328863, levelgen mode: deterministic

339 FrogZ the Magician (level 6, -5/32 HPs)
             Began as a Deep Elf Wizard on May 10, 2020.
             Shot with an arrow by a centaur (11 damage)
             ... on level 5 of the Dungeon.
             The game lasted 00:12:22 (4738 turns).

FrogZ the Magician (Deep Elf Wizard)                Turns: 4738, Time: 00:12:22

Health: -5/32      AC:  2    Str:  5    XL:     6   Next: 29%
Magic:  13/17      EV: 13    Int: 24    God:
Gold:   328        SH:  0    Dex: 13    Spells: 13/18 levels left

rFire    . . .     SeeInvis .   e - +2 short sword (venom)
rCold    . . .     Gourm    .   (no shield)
rNeg     . . .     Faith    .   a - +0 robe
rPois    .         Spirit   .   b - +0 hat
rElec    .         Reflect  .   (no cloak)
rCorr    .         Harm     .   (no gloves)
MR       .....                  (no boots)
Stlth    ++........             (no amulet)
HPRegen  0.10/turn              (no ring)
MPRegen  0.15/turn              (no ring)

@: no status effects
A: no striking features
a: no special abilities


You were on level 5 of the Dungeon.
You were not hungry.

You visited 1 branch of the dungeon, and saw 5 of its levels.

You collected 328 gold pieces.

Inventory:

Hand Weapons
 e - a +2 short sword of venom (weapon)
Missiles
 f - 58 stones (quivered)
Armour
 a - a +0 robe (worn)
 b - a +0 hat (worn)
Wands
 q - a wand of acid (14)
Scrolls
 h - a scroll of fog
 i - 2 scrolls of remove curse
 j - 6 scrolls of random uselessness
 k - 4 scrolls of enchant armour
 l - 2 scrolls of amnesia {unknown}
 o - 3 scrolls of teleportation
 s - a scroll of noise {unknown}
Potions
 c - 5 potions of curing
 g - 3 potions of haste
 m - 2 potions of lignification
 p - a potion of degeneration
 r - a potion of mutation {unknown}
Comestibles
 d - 5 rations
 n - 3 chunks of flesh


   Skills:
 - Level 2.4 Dodging
 - Level 2.4 Stealth
 + Level 6.5 Spellcasting
 * Level 5.8 Conjurations
 - Level 1.1 Summonings
 - Level 1.1 Translocations


You had 13 spell levels left.
You knew the following spells:

 Your Spells              Type           Power        Failure   Level  Hunger
a - Magic Dart            Conj           ####         1%          1    None
b - Blink                 Tloc           N/A          8%          2    None
c - Call Imp              Summ           ##......     8%          2    None

Your spell library contained the following spells:

 Spells                   Type           Power        Failure   Level  Hunger
 Apportation              Tloc           ##....       4%          1    None
 Summon Small Mammal      Summ           ##..         4%          1    None
 Conjure Flame            Conj/Fire      ###.....     7%          3    None
 Animate Skeleton         Necr           N/A          8%          1    None
 Corona                   Hex            #......      8%          1    None
 Mephitic Cloud           Conj/Pois/Air  ###.....     10%         3    None
 Slow                     Hex            #.......     12%         2    None


Dungeon Overview and Level Annotations

Branches:
Dungeon (5/15)             Temple (0/1) D:4

Altars:

Shops:
D:5 ?

Annotations:
D:2 1 runed translucent door, Crazy Yiuf


Message History

The centaur wields a +0 shortbow.
The centaur shoots an arrow.
The arrow hits your white imp.
Your shadow imp hits the centaur.
Your crimson imp blinks!
The centaur unwields a +0 shortbow.
The centaur hits your white imp.
Your white imp dies!
Your shadow imp completely misses the centaur.
Your crimson imp hits the centaur.
Casting: Call Imp (safe; 8% risk of failure)
Confirm with . or Enter, or press ? or * to list all spells.
A beastly little devil appears in a puff of flame.
The centaur wields a +0 shortbow.
The centaur shoots an arrow.
The arrow hits you!
Your shadow imp barely misses the centaur.
Your crimson imp closely misses the centaur.
The centaur unwields a +0 shortbow.
The centaur hits you!
* * * LOW HITPOINT WARNING * * *
Your crimson imp hits the centaur.
The centaur wields a +0 shortbow.
The centaur shoots an arrow.
The arrow hits you!
You die...

# .. ...
....#################
.....................
...##..#...∩..##....
####.#.#...## .
####@#..#.#####
#5c(5.#5#.#
#..#5######.# #.####
#.# #. #.# # #.# #.#
#.# ###.########


You could see a centaur, 2 friendly crimson imps and a friendly shadow imp
(summoned).

Vanquished Creatures
  A crimson imp (D:5)
  A jelly (D:5)
  A bullfrog skeleton (D:4)
  2 hounds
  A worker ant zombie (D:5)
  6 adders
  2 oozes
  A worm (D:2)
  3 dart slugs
  5 orcs
  6 bats
  5 giant cockroaches
  4 goblins
  5 hobgoblins
  12 jackals
  3 kobolds
  3 quokkas
  A ball python (D:3)
  4 frilled lizards
  5 rats
71 creatures vanquished.

Vanquished Creatures (collateral kills)
  A scorpion (D:4)
  A shadow imp (D:5)
  A worm (D:5)
  An orc (D:4)
  2 jackals (D:4)
  A quokka (D:5)
7 creatures vanquished.

Vanquished Creatures (others)
  2 toadstools (D:2)
2 creatures vanquished.

Grand Total: 80 creatures vanquished

Notes
Turn   | Place    | Note
-------+----------+-------------------------------------------
     0 | D:1      | FrogZ the Deep Elf Wizard began the quest for the Orb.
     0 | D:1      | Reached XP level 1. HP: 10/10 MP: 7/7
   254 | D:1      | Reached XP level 2. HP: 8/15 MP: 0/9
   613 | D:1      | Learned a level 2 spell: Blink
   616 | D:1      | Learned a level 2 spell: Call Imp
  1374 | D:2      | Reached XP level 3. HP: 19/19 MP: 2/11
  1520 | D:2      | Reached skill level 5 in Spellcasting
  1774 | D:2      | Found a faded altar of an unknown god.
  1987 | D:2      | Found a runed translucent door.
  1988 | D:2      | Noticed Crazy Yiuf
  2246 | D:3      | Reached XP level 4. HP: 24/24 MP: 10/13
  2950 | D:3      | Reached XP level 5. HP: 28/28 MP: 12/15
  3441 | D:4      | Reached skill level 6 in Spellcasting
  3441 | D:4      | Reached skill level 5 in Conjurations
  3668 | D:4      | Found a staircase to the Ecumenical Temple.
  3893 | D:4      | Reached XP level 6. HP: 25/32 MP: 7/17
  4303 | D:5      | Entered Level 5 of the Dungeon
  4454 | D:5      | Got a brightly glowing falchion
  4564 | D:5      | Found Peekech's Magic Scroll Shoppe.
  4738 | D:5      | Shot with an arrow by a centaur

Illustrated notes

Levels and vault maps discovered:
D:1:      minmay_arrival_floating_metal, layout_rooms
D:2:      layout_rooms, chequers_ecumenical_altar_simple_redux,
          minmay_gold_behind_fungi, minmay_stone_trees_small,
          serial_bayou_ford_a, uniq_crazy_yiuf_cottage
D:3:      layout_basic
D:4:      layout_cave_pools, minmay_temple_entry_mist
D:5:      minmay_angry_zag, layout_basic, serial_shops, shop_scrolls,
          first_ration, uniq_menkaure

Skill      XL: |  1  2  3  4  5 |
---------------+----------------+-----
Conjurations   | 2 3 4 5 |  5.8
Spellcasting   | 5 6 |  6.5
Dodging        | |  2.4
Stealth        | |  2.4
Summonings     | |  1.1
Translocations | |  1.1

Action                   |  1- 3 |  4- 6 || total
-------------------------+-------+-------++-------
Melee: Short sword       |     8 |       ||     8
 Cast: Magic Dart        |    79 |   106 ||   185
       Blink             |     7 |     1 ||     8
       Call Imp          |     4 |    31 ||    35
  Use: Scroll            |       |     9 ||     9
  Eat: Chunk             |     4 |     7 ||    11
Armor: Robe              |     8 |     2 ||    10
Dodge: Dodged            |    18 |    25 ||    43

Table legend:
 A = Non-vault XP
 B = Vault XP
 C = Vault XP percentage of total XP
 D = Non-vault monster count
 E = Vault monster count
 F = Vault count percentage of total count
                 A         B        C        D         E       F
            +---------+---------+-------+---------+---------+-------
      Total |     481 |       4 |   0.8 |      77 |       1 |   1.3
            +---------+---------+-------+---------+---------+-------
        D:1 |      29 |       0 |   0.0 |      15 |       0 |   0.0
        D:2 |      67 |       0 |   0.0 |      19 |       0 |   0.0
        D:3 |     113 |       0 |   0.0 |      25 |       0 |   0.0
        D:4 |     178 |       0 |   0.0 |      13 |       0 |   0.0
        D:5 |      94 |       4 |   4.1 |       5 |       1 |  16.7
            +---------+---------+-------+---------+---------+-------
